 Dungeon Crawl Stone Soup version 0.29-a0-330-g52719c12eb (webtiles) character file.

Game seed: 8770501080101406193

308 Crownlay the Ruffian (level 6, -2/61 HPs)
             Began as a Troll Fighter on May 3, 2022.
             Killed by divine providence
             ... invoked by an orc priest
              (15 damage)
             ... on level 3 of the Dungeon.
             The game lasted 00:03:08 (1862 turns).

Crownlay the Ruffian (Troll Fighter)                Turns: 1862, Time: 00:03:08

Health: -2/61      AC:  4    Str: 27    XL:     6   Next: 16%
Magic:  5/5        EV:  8    Int:  4    God:
Gold:   110        SH:  7    Dex:  9    Spells: 5/5 levels left

rFire   . . .      SeeInvis .     - Unarmed
rCold   . . .      Faith    .   b - +0 kite shield
rNeg    . . .      Spirit   .   a - +0 robe
rPois   .          Reflect  .   (helmet restricted)
rElec   .          Harm     .   (no cloak)
rCorr   .          Rampage  .   (gloves unavailable)
Will    .....                   (boots unavailable)
Stlth   +.........              (no amulet)
HPRegen 1.00/turn               (no ring)
MPRegen 0.09/turn               (no ring)

@: no status effects
A: large, unfitting armour, claws 3, regeneration 1, shaggy fur 1, tough skin 1
a: no special abilities


You were on level 3 of the Dungeon.
You visited 1 branch of the dungeon, and saw 3 of its levels.

You collected 110 gold pieces.

Inventory:

Missiles
 h - 3 boomerangs (quivered)
 o - 5 silver javelins
Armour
 a - a +0 robe (worn)
 b - a +0 kite shield (worn)
Jewellery
 m - a +4 ring of protection
Scrolls
 d - a scroll of fog
 j - a scroll of teleportation
 k - a scroll of immolation {unknown}
 l - a scroll of noise {unknown}
 n - 3 scrolls of amnesia
 q - a scroll of enchant armour {unknown}
Potions
 c - a potion of might
 f - a potion of mutation {unknown}
 i - a potion of lignification {unknown}
 p - a potion of heal wounds {unknown}


   Skills:
 + Level 3.1 Fighting
 + Level 2.1 Throwing
 - Level 2.4 Dodging
 + Level 3.4 Shields
 * Level 4.5 Unarmed Combat


You had 5 spell levels left.
You didn't know any spells.
Your spell library contained the following spells:

 Spells                   Type           Power      Damage    Failure   Level
 Animate Skeleton         Necr           0%         N/A       80%         1
 Apportation              Tloc           0%         N/A       80%         1
 Pain                     Necr           0%         1d4       80%         1
 Summon Small Mammal      Summ           0%         N/A       80%         1
 Agony                    Necr           0%         N/A       100%        5
 Excruciating Wounds      Necr           0%         N/A       100%        5


Dungeon Overview and Level Annotations

Branches:
Dungeon (3/15)

Altars:
Fedhas


Innate Abilities, Weirdness & Mutations

You are too large for most types of armour.
You have claws for hands.
Your natural rate of healing is unusually fast.
You are covered in fur. (AC +1)
You have tough skin. (AC +1)


Message History

The orc barely misses you. The orc hits you but does no damage.
The orc priest hits you with a +0 war axe!
* * * LOW HITPOINT WARNING * * *
The bat hits you but does no damage.
It was a potion of curing.
You feel better. You block the bat's attack. The orc hits you with a +0 dagger.
* * * LOW HITPOINT WARNING * * *
The orc misses you. The orc priest barely misses you.
You closely miss the orc priest.
The orc priest is moderately wounded.
You block the orc's attack. x2; The orc priest misses you.
The bat hits you.
* * * LOW HITPOINT WARNING * * *
You scratch the orc priest.
The orc priest is moderately wounded.
The bat hits you but does no damage. x2; You block the orc's attack. x2
The orc priest hits you with a +0 war axe!
* * * LOW HITPOINT WARNING * * *
You scratch the orc priest but do no damage.
The orc priest is moderately wounded.
The bat hits you but does no damage. The orc barely misses you.
The orc hits you with a +0 club.
* * * LOW HITPOINT WARNING * * *
The orc priest hits you but does no damage.
You feel better. You block the bat's attack. The orc closely misses you.
The orc hits you with a +0 club.
* * * LOW HITPOINT WARNING * * *
The orc priest hits you but does no damage.
You mangle the orc!!
You kill the orc!
The bat hits you but does no damage.
The orc priest miscasts a cantrip.
You block the orc's attack.
You completely miss the orc. The bat hits you but does no damage.
The orc priest barely misses you. The orc barely misses you.
You scratch the orc.
The orc is moderately wounded.
The bat hits you but does no damage. The bat barely misses you.
The orc priest invokes the aid of Beogh against you.
Beogh smites you!
You die...

##.#<# #...##.§§§..§....#
##..# #......≈≈.§§≈≈≈≈.#
##.[..#.##..≈.......≈.#
....##.##..≈.#.###.≈.###
.....##.##..§.#...#.≈...
###.#.##..#..≈.#._.#.≈.#
....###....≈.#...#.§.####
..... #.#).b.###.#.≈....#
.....#..#)@≈.(.†..§≈[.#
......oo≈§≈≈≈≈≈≈≈..#
.##.#....[.........# ..
##...#####.....# .. .##.#
####### . .# .# # ># .#


You could see an orc priest, an orc and a bat.

Vanquished Creatures
  An orc priest (D:3)
  Terence (D:2)
  Natasha (thrice) (D:2)
  Robin (D:2)
  9 adders
  A worm (D:2)
  3 orcs (D:3)
  7 endoplasms
  3 giant cockroaches (D:2)
  11 goblins
  8 hobgoblins
  7 jackals
  2 quokkas (D:2)
  4 ball pythons
  4 bats
  5 frilled lizards
  11 kobolds
  6 rats
87 creatures vanquished.

Vanquished Creatures (others)
  2 plants (D:1)
2 creatures vanquished.

Grand Total: 89 creatures vanquished

Notes
Turn   | Place    | Note
-------+----------+-------------------------------------------
     0 | D:1      | Crownlay the Troll Fighter began the quest for the Orb.
     0 | D:1      | Reached XP level 1. HP: 22/22 MP: 0/0
   244 | D:1      | Reached XP level 2. HP: 29/29 MP: 1/1
   394 | D:1      | Found a faded altar of an unknown god.
   474 | D:1      | Reached XP level 3. HP: 36/36 MP: 2/2
   563 | D:1      | Reached skill level 3 in Unarmed Combat
   887 | D:2      | Noticed Natasha
   903 | D:2      | Killed Natasha
   904 | D:2      | Reached skill level 1 in Throwing
   993 | D:2      | Reached XP level 4. HP: 44/44 MP: 3/3
  1019 | D:2      | Noticed Natasha
  1031 | D:2      | Killed Natasha
  1378 | D:2      | Noticed Natasha
  1379 | D:2      | Killed Natasha
  1380 | D:2      | Reached XP level 5. HP: 45/52 MP: 4/4
  1411 | D:2      | Reached skill level 4 in Unarmed Combat
  1475 | D:2      | Noticed Terence
  1491 | D:2      | Killed Terence
  1545 | D:2      | Noticed Robin
  1558 | D:2      | Killed Robin
  1799 | D:3      | Found a blossoming altar of Fedhas.
  1844 | D:3      | Reached XP level 6. HP: 46/61 MP: 5/5
  1858 | D:3      | HP: 3/61 [orc/+0 club (3)]
  1862 | D:3      | Killed from afar by an orc priest

Illustrated notes

Levels and vault maps discovered:
D:1:      shiori_arrival_elements, layout_basic,
          hellmonk_ecumenical_altar_pennies_from_heaven,
          hangedman_decor_growths, wad_floor_pattern_untrapped,
          minmay_curled_crystal, minivault_25, minmay_stone_trees_small,
          minmay_misc_feat_iff, lexackson_kobold_supper
D:2:      kennysheep_six_static_rooms, layout_loops_ring, minmay_guardbox,
          uniq_robin, uniq_terence, uniq_natasha
D:3:      layout_loops_ring, old_standard_altar, mainiacjoe_overflow_brackets,
          gammafunk_ghost_smash, minmay_crystal_room

Skill      XL: |  1  2  3  4  5 |
---------------+----------------+-----
Unarmed Combat | 3 4 |  4.5
Throwing       | 1 2 |  2.1
Shields        | 3 |  3.4
Fighting       | 3 |  3.1
Dodging        | |  2.4

Action                   |  1- 3 |  4- 6 || total
-------------------------+-------+-------++-------
Melee: Unarmed           |    86 |   136 ||   222
Throw: Boomerang         |     2 |       ||     2
  Use: Scroll            |       |     3 ||     3
       Potion            |       |     2 ||     2
 Stab: Distracted        |       |     1 ||     1
Armor: Robe              |    24 |    70 ||    94
Dodge: Dodged            |    37 |    67 ||   104
Block: Kite shield       |    29 |    85 ||   114

Table legend: (Time is in decaauts)
 A = Elapsed time spent in this place.
 B = Non-inter-level travel time spent in this place.
 C = Inter-level travel time spent in this place.
 D = Time resting spent in this place.
 E = Time spent auto-exploring this place.
 F = Levels seen in this place.
 G = Mean time per level.
                   A        B        C        D        E       F      G
               +--------+--------+--------+--------+--------+-----+--------+
         Total |   1889 |   1819 |     70 |      0 |   1369 |   3 |  629.7 |
       Dungeon |   1889 |   1819 |     70 |      0 |   1369 |   3 |  629.7 |
               +--------+--------+--------+--------+--------+-----+--------+

Top non-repeatable levels by time:
     D:2: 941 daAuts
     D:1: 867 daAuts
     D:3: 79 daAuts
